 Dungeon Crawl Stone Soup version 0.27.1-33-g824d729ab1 (webtiles) character file.

Game seed: 2168396331161430528

19933 Cykl0x the Grappler (level 12, -9/115 HPs)
             Began as a Troll Transmuter on Dec 15, 2021.
             Was an Elder of the Shining One.
             Mangled by a death knight (24 damage)
             ... on level 12 of the Dungeon.
             The game lasted 00:25:14 (10032 turns).

Cykl0x the Grappler (Troll Transmuter)             Turns: 10032, Time: 00:25:14

Health: -9/115     AC: 15    Str: 22    XL:     12   Next: 40%
Magic:  29/29      EV: 10    Int: 12    God:    the Shining One [****..]
Gold:   595        SH:  5    Dex: 10    Spells: 15/23 levels left

rFire    . . .     SeeInvis .     - Unarmed
rCold    + . .     Faith    .   (no shield)
rNeg     + + +     Spirit   .   E - quicksilver dragon scales "Hiwahir" {rN+ Will+ MP+9}
rPois    +         Reflect  +   (helmet restricted)
rElec    .         Harm     .   M - +2 cloak {rPois}
rCorr    .         Rampage  .   (gloves unavailable)
Will     +....                  (boots unavailable)
Stlth    ..........             z - amulet of reflection
HPRegen  1.29/turn              m - ring of flight
MPRegen  0.21/turn              y - ring of protection from cold

@: wereblooded (expiring), flying, slowed, glowing, studying Spellcasting, very
slow
A: large, unfitting armour, claws 3, regeneration 1, shaggy fur 1, tough skin 1
a: Renounce Religion, Divine Shield, Cleansing Flame


You were on level 12 of the Dungeon.
You worshipped the Shining One.
The Shining One was greatly pleased with you.
You visited 1 branch of the dungeon, and saw 12 of its levels.

You collected 647 gold pieces.
You spent 52 gold pieces at shops.

Inventory:

Hand Weapons
 p - a +5 spectral short sword
 L - a +2 scimitar of flaming
Missiles
 q - 3 throwing nets
Armour
 a - a +1 robe
 g - a +0 cloak
 t - +0 acid dragon scales
 E - the quicksilver dragon scales "Hiwahir" (worn) {rN+ Will+ MP+9}
   (You acquired it on level 10 of the Dungeon)

   rN:        It protects you from negative energy.
   MP:        It affects your magic capacity (+9).
   Will:      It increases your willpower.
 M - a +2 cloak of poison resistance (worn)
Jewellery
 c - a ring of protection from fire
 i - a ring of fire
 l - a +6 ring of intelligence
 m - a ring of flight (left claw)
 y - a ring of protection from cold (right claw)
 z - an amulet of reflection (around neck)
 C - a ring of fire
 H - a ring of poison resistance
Wands
 f - a wand of polymorph (7)
 s - a wand of acid (6)
 u - a wand of flame (41)
 v - a wand of iceblast (22)
 F - a wand of paralysis (21)
 G - a wand of charming (14)
Scrolls
 j - 5 scrolls of identify
 n - 2 scrolls of immolation
 o - 3 scrolls of magic mapping
 r - 4 scrolls of teleportation
 B - 2 scrolls of fear
 I - a scroll of enchant armour
 J - 2 scrolls of enchant weapon
 K - a scroll of noise {unknown}
Potions
 b - 3 potions of cancellation
 d - 6 potions of haste
 e - 2 potions of berserk rage
 h - 4 potions of heal wounds
 k - a potion of mutation
 w - a potion of brilliance
 x - 3 potions of flight
 A - a potion of lignification
 D - 3 potions of curing


   Skills:
 * Level 6.8 Fighting
 + Level 0.5 Long Blades
 + Level 3.6 Armour
 + Level 4.9 Dodging
 + Level 1.9 Shields
 + Level 10.4 Unarmed Combat
 + Level 6.0 Spellcasting
 * Level 2.9 Conjurations
 + Level 5.7 Transmutations
 * Level 2.8 Air Magic
 * Level 6.8 Invocations
 + Level 0.7 Evocations


You had 15 spell levels left.
You knew the following spells:

 Your Spells              Type           Power      Damage    Failure   Level
a - Beastly Appendage     Tmut           34%        N/A       2%          1
b - Wereblood             Tmut           17%        N/A       4%          2
c - Lightning Bolt        Conj/Air       5%         1d17      94%         5

Your spell library contained the following spells:

 Spells                   Type           Power      Damage    Failure   Level
 Static Discharge         Conj/Air       10%        N/A       13%         2
 Spider Form              Tmut/Pois      5%         N/A       26%         3
 Animate Skeleton         Necr           6%         N/A       28%         1
 Apportation              Tloc           6%         N/A       28%         1
 Corona                   Hex            3%         N/A       28%         1
 Summon Small Mammal      Summ           12%        N/A       28%         1
 Ice Form                 Ice/Tmut       10%        N/A       65%         4
 Maxwell's Capacitive Co  Air            5%         ∞         100%        8


Dungeon Overview and Level Annotations

Branches:
Dungeon (12/15)            Temple (0/1) D:7            Lair (0/6) D:10
    Orc (0/2) D:10

Altars:
Cheibriados
Elyvilon
Gozag
Kikubaaqudgha
Uskayaw
Vehumet
Xom
Zin
The Shining One

Shops:
D:5 *


Innate Abilities, Weirdness & Mutations

You are too large for most types of armour.
You have claws for hands.
Your natural rate of healing is unusually fast.
You are covered in fur. (AC +1)
You have tough skin. (AC +1)


Message History

You see here a scroll of identify.
You barely miss the freezing wraith.
You headbutt the freezing wraith, but do no damage.
The freezing wraith hits you. The freezing wraith freezes you!!
The freezing wraith hits you!
You scratch the freezing wraith.
The freezing wraith is lightly damaged.
The freezing wraith closely misses you. The freezing wraith hits you.
The freezing wraith drains your vigour!
You feel as though you will be slow longer.
The freezing wraith hits you. The freezing wraith freezes you!!
You block the freezing wraith's attack.
You howl as the wereblood boils in your veins!
You're wearing all the rings you can.
Remove which one? (? for menu, Esc to cancel) < or
m - a ring of flight; > or
c - a ring of protection from fire You remove your ring of protection from fire.
The freezing wraith hits you. The freezing wraith freezes you!
* * * LOW HITPOINT WARNING * * *
You block the freezing wraith's attack.
y - a ring of protection from cold (right claw)
The death knight offers itself to Yredelemnul, and fills with unholy energy.
You howl as the wereblood boils in your veins!
Your horns disappear.
Your talons disappear.
The freezing wraith hits you.
* * * LOW HITPOINT WARNING * * *
The freezing wraith freezes you! You resist.
* * * LOW HITPOINT WARNING * * *
You block the freezing wraith's attack.
You howl as the wereblood boils in your veins!
The death knight calls down the wrath of Yredelemnul upon you.
You easily resist.
The death knight's dark mirror aura disappears.
You howl as the wereblood boils in your veins!
Your primal bloodlust is almost over.
The death knight hits you with a +1 battleaxe!
* * * LOW HITPOINT WARNING * * *
You howl as the wereblood boils in your veins!
The death knight hits you with a +1 battleaxe!!
You die...

#........### ##
##.#..#..#
#.##...##
#†####.######. #.#
#......... #.#
#..####### ..#
#..# #.## #Wp##
#.# #.@.#
#.####...######.
#.#.............
#.#.........#..
#.#...........#
###.#.........#...
#............## .#
#.#.#.##.......
##.#.#.##...#.#..


You could see a death knight and a freezing wraith.

Vanquished Creatures
  Erolcha (D:11)
  A hydra (D:12)
  Harold (D:11)
  Erica (D:11)
  3 two-headed ogres
  A deep elf pyromancer (D:12)
  An ugly thing (D:8)
  Maurice (D:12)
  2 cyclopes
  2 gargoyles
  2 unseen horrors
  Psyche (D:11)
  A freezing wraith (D:12)
  2 komodo dragons
  3 trolls
  A hornet (D:11)
  Prince Ribbit (D:9)
  6 slime creatures (D:12)
  Sigmund (D:2)
  A vampire (D:11)
  A shadow (D:10)
  3 wyverns
  13 yaks
  2 wraiths
  A vampire mosquito (D:8)
  Edmund (D:4)
  An acid dragon (D:7)
  3 water moccasins
  Duvessa (D:4)
  3 ice beasts (D:5)
  2 sky beasts
  3 black bears
  5 orc warriors
  3 centaurs
  9 bullfrogs
  6 scorpions
  A wyvern zombie (D:9)
  2 gnoll sergeants
  A water moccasin zombie (D:6)
  Dowan (D:4)
  A water moccasin skeleton (D:6)
  10 wights
  7 electric eels (D:10)
  2 howler monkeys
  3 bullfrog zombies
  A jelly (D:8)
  5 centaur zombies
  Crazy Yiuf (D:2)
  3 hounds
  4 orc priests
  A bullfrog skeleton (D:6)
  2 gnoll shamans
  Terence (D:2)
  3 iguanas
  9 orc wizards
  2 killer bee zombies
  Robin (D:2)
  4 adders
  8 gnolls
  A howler monkey skeleton (D:7)
  3 shadow imps
  2 white imps (D:7)
  2 ufetubi
  An adder skeleton (D:4)
  2 dart slugs (D:3)
  12 orcs
  8 ball pythons
  4 endoplasms
  2 giant cockroaches (D:3)
  7 goblins
  8 hobgoblins
  8 jackals (D:1)
  3 kobolds
  2 quokkas
  13 bats
  4 frilled lizards
  4 rats
249 creatures vanquished.

Vanquished Creatures (collateral kills)
  A wyvern (D:7)
1 creature vanquished.

Vanquished Creatures (others)
  42 fungi
  108 plants
150 creatures vanquished.

Grand Total: 400 creatures vanquished

Notes
Turn   | Place    | Note
-------+----------+-------------------------------------------
     0 | D:1      | Cykl0x the Troll Transmuter began the quest for the Orb.
     0 | D:1      | Reached XP level 1. HP: 18/18 MP: 1/1
    97 | D:1      | Reached skill level 1 in Fighting
    97 | D:1      | Reached XP level 2. HP: 23/27 MP: 0/3
   110 | D:1      | Learned a level 2 spell: Wereblood
   608 | D:2      | Reached XP level 3. HP: 30/33 MP: 0/4
   760 | D:2      | Found a runed translucent door.
   761 | D:2      | Noticed Crazy Yiuf
   804 | D:2      | Noticed Robin
   815 | D:2      | Killed Robin
   912 | D:2      | Noticed Terence
   921 | D:2      | Killed Terence
   922 | D:2      | Reached XP level 4. HP: 31/41 MP: 1/5
   975 | D:2      | Found an ancient bone altar of Kikubaaqudgha.
  1067 | D:2      | Noticed Sigmund
  1078 | D:2      | Killed Sigmund
  1079 | D:2      | Reached skill level 4 in Unarmed Combat
  1079 | D:2      | Reached XP level 5. HP: 37/49 MP: 2/7
  1318 | D:2      | Killed Crazy Yiuf
  1319 | D:2      | Reached XP level 6. HP: 47/57 MP: 8/8
  1378 | D:3      | Found a snail-covered altar of Cheibriados.
  1937 | D:3      | Found a white marble altar of Elyvilon.
  1943 | D:3      | Found an ancient bone altar of Kikubaaqudgha.
  1953 | D:3      | Became a worshipper of Elyvilon the Healer
  2260 | D:4      | Identified the +9 war axe "Jauluaw" {venom, *Slow Dex+3
                  | Stlth+}
  2484 | D:4      | Noticed Edmund
  2485 | D:4      | Noticed a sky beast
  2518 | D:4      | Killed a sky beast
  2519 | D:4      | Reached XP level 7. HP: 13/66 MP: 7/9
  2520 | D:4      | Killed Edmund
  2521 | D:4      | Reached skill level 1 in Invocations
  2629 | D:4      | Reached * piety under Elyvilon
  2741 | D:4      | Noticed Duvessa
  2742 | D:4      | Noticed Dowan
  2753 | D:4      | Killed Duvessa
  2755 | D:4      | Killed Dowan
  2756 | D:4      | Reached skill level 5 in Unarmed Combat
  3114 | D:5      | Entered Level 5 of the Dungeon
  3147 | D:5      | Found Vujor's General Store.
  3171 | D:5      | Bought a scroll of magic mapping for 52 gold pieces
  3254 | D:5      | Reached XP level 8. HP: 75/75 MP: 9/11
  3442 | D:5      | Reached ** piety under Elyvilon
  3707 | D:5      | Found a glowing golden altar of the Shining One.
  3745 | D:5      | Fell from the grace of Elyvilon
  3745 | D:5      | Became a worshipper of the Shining One
  3807 | D:5      | Reached * piety under the Shining One
  3817 | D:5      | Reached skill level 6 in Unarmed Combat
  4137 | D:6      | Reached XP level 9. HP: 69/79 MP: 13/13
  4434 | D:6      | Reached ** piety under the Shining One
  4725 | D:7      | Noticed a komodo dragon
  4728 | D:7      | Noticed a troll
  4732 | D:7      | Reached skill level 7 in Unarmed Combat
  4734 | D:7      | Killed a komodo dragon
  4814 | D:6      | Killed a troll
  4915 | D:7      | Found a staircase to the Ecumenical Temple.
  5035 | D:7      | Identified the +0 robe "Vytioh" {rElec Str+4 Dex-3}
  5102 | D:7      | Found a radiant altar of Vehumet.
  5653 | D:8      | Noticed a two-headed ogre
  5662 | D:8      | Killed a two-headed ogre
  5663 | D:8      | Reached XP level 10. HP: 73/94 MP: 12/15
  5755 | D:8      | Identified the +0 short sword of Gepeniw {vorpal, Str+3}
  5788 | D:8      | Reached skill level 1 in Armour
  5797 | D:8      | Reached *** piety under the Shining One
  5807 | D:8      | Reached skill level 5 in Fighting
  5898 | D:8      | Reached skill level 8 in Unarmed Combat
  6152 | D:8      | Identified the +0 scale mail of Yngime Desmy {rElec rPois}
  6583 | D:8      | Noticed a cyan ugly thing
  6592 | D:8      | Killed a cyan ugly thing
  6593 | D:8      | Reached skill level 5 in Invocations
  6599 | D:8      | Noticed a cyclops
  6606 | D:8      | Killed a cyclops
  7042 | D:9      | Noticed Prince Ribbit
  7050 | D:9      | Killed Prince Ribbit
  7157 | D:9      | Reached skill level 5 in Transmutations
  7170 | D:9      | Reached skill level 9 in Unarmed Combat
  7308 | D:9      | Learned a level 5 spell: Lightning Bolt
  7543 | D:9      | Found a shimmering altar of Xom.
  7547 | D:9      | Found an opulent altar of Gozag.
  7551 | D:9      | Found a hide-covered altar of Uskayaw.
  7579 | D:9      | Reached skill level 1 in Shields
  7774 | D:10     | Entered Level 10 of the Dungeon
  7791 | D:10     | Reached skill level 5 in Spellcasting
  7803 | D:10     | Identified a scroll of acquirement
  7803 | D:10     | Acquired the quicksilver dragon scales "Hiwahir" {rN+ Will+
                  | MP+9}
  7964 | D:10     | Noticed a gargoyle
  7973 | D:10     | Killed a gargoyle
  7974 | D:10     | Reached XP level 11. HP: 94/105 MP: 17/17
  8166 | D:10     | Found a glowing silver altar of Zin.
  8239 | D:10     | Reached skill level 1 in Air Magic
  8269 | D:10     | Reached skill level 1 in Conjurations
  8402 | D:10     | Found a staircase to the Orcish Mines.
  8414 | D:10     | Found a staircase to the Lair.
  8919 | D:11     | Noticed Harold
  8928 | D:11     | Killed Harold
  9023 | D:11     | Noticed a two-headed ogre
  9030 | D:11     | Killed a two-headed ogre
  9144 | D:11     | Noticed Erica
  9144 | D:11     | Reached **** piety under the Shining One
  9156 | D:11     | Killed Erica
  9219 | D:11     | Reached skill level 10 in Unarmed Combat
  9309 | D:11     | Noticed a two-headed ogre
  9313 | D:11     | Noticed Psyche
  9321 | D:11     | Killed a two-headed ogre
  9324 | D:11     | Killed Psyche
  9377 | D:11     | Noticed Erolcha
  9386 | D:11     | Killed Erolcha
  9387 | D:11     | Reached XP level 12. HP: 80/115 MP: 19/19
  9640 | D:11     | Paralysed by a hornet for 2 turns
  9827 | D:12     | Noticed Maurice
  9837 | D:12     | Killed Maurice
  9893 | D:12     | Noticed a six-headed hydra
  9920 | D:12     | Killed a two-headed hydra
 10017 | D:12     | Noticed a death knight
 10032 | D:12     | Mangled by a death knight

Illustrated notes

Levels and vault maps discovered:
D:1:      scummos_arrival_hexagon, layout_rooms
D:2:      layout_rooms, basic_altar, minivault_14, uniq_robin, uniq_terence,
          uniq_sigmund, uniq_crazy_yiuf_cottage
D:3:      minmay_door_path, layout_basic, kennysheep_slug_shrine, minitemple
D:4:      layout_loops_ring, uniq_edmund, uniq_duvessa
D:5:      layout_loops_cross, tso_metal_star, serial_shops, nicolae_shop_trees
D:6:      layout_loops_cross, kennysheep_generic_room_11
D:7:      layout_loops_ring, vehumet_altar_wand_db,
          minmay_temple_entry_stoned_glass, minmay_manual_mail
D:8:      minmay_cornered_nines, layout_layer_cave
D:9:      layout_stronghold, grunt_temple_overflow_diamond, uniq_prince_ribbit1
D:10:     layout_roguey, mainiacjoe_overflow_alcove_1,
          due_lair_maze_entry_diamond, orc_0_dummy, serial_bayou,
          serial_bayou_pond_c, serial_bayou_lake_a, serial_bayou_lagoon_a,
          serial_bayou_crossing
D:11:     old_forge, layout_irregular_city, uniq_harold, uniq_erolcha,
          uniq_psyche, uniq_erica
D:12:     layout_loops_ring, minmay_crystal_box, uniq_maurice

Skill      XL: |  1  2  3  4  5  6  7  8  9 10 11 12 |
---------------+-------------------------------------+-----
Fighting       | 1 2 3 4 5 6 |  6.8
Dodging        | 2 3 4 |  4.9
Unarmed Combat | 4 5 6 7 9 10 | 10.4
Spellcasting   | 2 3 4 5 6 |  6.0
Transmutations | 2 3 4 5 |  5.7
Invocations    | 2 3 4 5 6 |  6.8
Armour         | 2 3 |  3.6
Shields        | 1 |  1.9
Air Magic      | 2 |  2.8
Conjurations   | 2 |  2.9
Long Blades    | |  0.5
Evocations     | |  0.7

Action                   |  1- 3 |  4- 6 |  7- 9 | 10-12 || total
-------------------------+-------+-------+-------+-------++-------
Melee: Unarmed           |    68 |    96 |   196 |   340 ||   700
       Kick              |     6 |    13 |    48 |   106 ||   173
       Headbutt          |     4 |     7 |    28 |    56 ||    95
       Punch             |       |       |     2 |    19 ||    21
       Scimitar          |       |       |       |    12 ||    12
 Cast: Beastly Appendage |    12 |    21 |    36 |    40 ||   109
       Wereblood         |     7 |    11 |    19 |    26 ||    63
Invok: Divine Shield     |       |       |       |     4 ||     4
Evoke: Wand              |       |       |     3 |     6 ||     9
  Use: Scroll            |     2 |     3 |    11 |     7 ||    23
       Potion            |       |     2 |       |     1 ||     3
Armor: Robe              |    39 |    23 |    70 |       ||   132
       Acid dragon scale |       |       |     6 |    29 ||    35
       Quicksilver drago |       |       |       |    91 ||    91
Dodge: Dodged            |    54 |    40 |   114 |   162 ||   370
Block: Other             |       |       |       |    58 ||    58
       Reflection        |       |       |       |     2 ||     2
       Rpst.: Scimitar   |       |       |       |     3 ||     3
